 Dungeon Crawl Stone Soup version 0.28.0-43-g3370ac3207 (webtiles) character file.

Game seed: 1204747151821245781

562 issech the Cudgeller (level 7, -4/68 HPs)
             Began as a Troll Monk on Mar 28, 2022.
             Slain by a gnoll
             ... wielding a +0 spear
              (5 damage)
             ... on level 4 of the Dungeon.
             The game lasted 00:09:55 (2854 turns).

issech the Cudgeller (Troll Monk)                   Turns: 2854, Time: 00:09:56

Health: -4/68      AC:  5    Str: 20    XL:     7   Next: 10%
Magic:  6/6        EV: 11    Int:  6    God:
Gold:   137        SH:  0    Dex: 14    Spells: 6/6 levels left

rFire   . . .      SeeInvis .   v - +0 giant club
rCold   + . .      Faith    .   (shield currently unavailable)
rNeg    + . .      Spirit   .   b - +0 robe
rPois   .          Reflect  .   (helmet restricted)
rElec   .          Harm     .   i - +0 cloak
rCorr   .          Rampage  .   (gloves unavailable)
Will    .....                   (boots unavailable)
Stlth   ++........              (no amulet)
HPRegen 1.01/turn               h - ring of positive energy
MPRegen 0.10/turn               y - ring of protection from cold

@: no status effects
A: large, unfitting armour, claws 3, regeneration 1, shaggy fur 1, tough skin 1
a: no special abilities


You were on level 4 of the Dungeon.
You visited 1 branch of the dungeon, and saw 4 of its levels.

You collected 137 gold pieces.

Inventory:

Hand Weapons
 a - a +0 mace
 p - a +0 flail
 v - a +0 giant club (weapon)
Missiles
 j - 46 sling bullets
 l - 139 stones (quivered)
 m - 50 bolts
 s - a boomerang
 t - 14 arrows
Armour
 b - a +0 robe (worn)
 i - a +0 cloak (worn)
Jewellery
 h - a ring of positive energy (left claw)
 y - a ring of protection from cold (right claw)
Wands
 o - a wand of polymorph (7)
Scrolls
 d - 3 scrolls of brand weapon {unknown}
 e - 2 scrolls of identify {unknown}
 f - 4 scrolls of immolation
 k - a scroll of blinking {unknown}
 n - a scroll of teleportation {unknown}
 q - a scroll of vulnerability {unknown}
 w - a scroll of enchant armour {unknown}
Potions
 c - 2 potions of invisibility {unknown}
 g - a potion of mutation {unknown}
 r - a potion of brilliance {unknown}
 u - a potion of resistance {unknown}
 x - a potion of curing {unknown}
 z - a potion of heal wounds {unknown}


   Skills:
 + Level 3.8 Fighting
 + Level 5.7 Maces & Flails
 + Level 3.6 Dodging
 + Level 1.3 Stealth


You had 6 spell levels left.
You didn't know any spells.
Your spell library contained the following spells:

 Spells                   Type           Power      Damage    Failure   Level
 Confusing Touch          Hex            0%         N/A       83%         3
 Yara's Violent Unravell  Hex/Tmut       0%         3d3       100%        5
 Enfeeble                 Hex            0%         N/A       100%        7


Dungeon Overview and Level Annotations

Branches:
Dungeon (4/15)
 Temple: D:4-7

Altars:
Zin


Innate Abilities, Weirdness & Mutations

You are too large for most types of armour.
You have claws for hands.
Your natural rate of healing is unusually fast.
You are covered in fur. (AC +1)
You have tough skin. (AC +1)


Message History

Found 17 arrows.
A kobold comes into view. It is wielding a +2 antimagic whip.
The gnoll shaman calls upon its god to speed up the gnoll.
The gnoll seems to speed up.
The gnoll hits you from afar with a +0 spear.
You hear a shout!
The kobold shouts!
The gnoll hits you from afar with a +0 halberd.
The gnoll barely misses you. The gnoll hits you with a +0 halberd!
The gnoll closely misses you.
You closely miss the gnoll.
The gnoll hits you from afar with a +0 spear.
You closely miss the gnoll shaman. The gnoll closely misses you.
The gnoll shaman hits you with a +0 club!
The gnoll barely misses you.
The gnoll hits you from afar with a +0 spear.
The gnoll hits you with a +0 halberd.
The gnoll shaman hits you with a +0 club.
The gnoll hits you from afar with a +0 spear.
The gnoll closely misses you.
The gnoll hits you from afar with a +0 spear.
The gnoll hits you with a +0 halberd!
The kobold throws a stone.
The stone closely misses you.
The gnoll shaman calls down the wrath of its god upon you.
You resist with some effort.
The gnoll hits you from afar with a +0 halberd.
The gnoll shaman calls upon its god to speed up the gnoll.
The gnoll seems to speed up.
The gnoll hits you from afar with a +0 halberd!
The gnoll hits you from afar with a +0 halberd!
* * * LOW HITPOINT WARNING * * *
The gnoll hits you from afar with a +0 halberd!
* * * LOW HITPOINT WARNING * * *
There is an open door here.
The gnoll hits you from afar with a +0 spear.
* * * LOW HITPOINT WARNING * * *
The gnoll barely misses you.
The gnoll hits you from afar with a +0 halberd.
* * * LOW HITPOINT WARNING * * *
The gnoll hits you from afar with a +0 spear.
You die...

# ##############.#.#
..............##.#.#
.#...#...#...###.#.#
(.............g#.#.#
.#...#...#...#...#.#
...........g..##g#.# #
############g#.#.#
#....#g#.#.#
#...@....#.#
#.##.....#.#####
########.##.....#.....#
#...)...<##.....#.#.....
#.#...#####.....#...#...
#.#...#######)#.......#
#.#......# #.........#
#.#......#####...####.#
#.#..............+


You could see 2 gnolls.

Vanquished Creatures
  A black bear (D:4)
  2 ogres
  A scorpion (D:4)
  Jessica (D:2)
  An orc wizard (D:3)
  2 hound skeletons (D:4)
  5 gnolls
  5 adders
  A dart slug (D:1)
  6 orcs
  5 ball pythons
  9 endoplasms
  3 giant cockroaches
  3 goblins
  3 hobgoblins
  6 jackals
  6 kobolds
  A ball python skeleton (D:3)
  4 bats
  3 frilled lizards
  A giant cockroach zombie (D:3)
  2 quokka zombies (D:3)
  2 rats
73 creatures vanquished.

Notes
Turn   | Place    | Note
-------+----------+-------------------------------------------
     0 | D:1      | issech the Troll Monk began the quest for the Orb.
     0 | D:1      | Reached XP level 1. HP: 22/22 MP: 0/0
    68 | D:1      | Found a faded altar of an unknown god.
   167 | D:1      | Reached skill level 3 in Maces & Flails
   167 | D:1      | Reached XP level 2. HP: 10/29 MP: 1/1
   394 | D:1      | Reached XP level 3. HP: 35/36 MP: 2/2
   904 | D:2      | Found a glowing silver altar of Zin.
  1055 | D:2      | Reached XP level 4. HP: 4/44 MP: 3/3
  1141 | D:2      | Noticed Jessica
  1155 | D:2      | Killed Jessica
  1156 | D:2      | Reached skill level 4 in Maces & Flails
  1501 | D:2      | Reached XP level 5. HP: 36/53 MP: 4/4
  2061 | D:3      | Noticed an ogre
  2069 | D:3      | Killed an ogre
  2070 | D:3      | Reached XP level 6. HP: 20/61 MP: 5/5
  2462 | D:4      | Reached skill level 5 in Maces & Flails
  2711 | D:4      | Reached XP level 7. HP: 54/68 MP: 6/6
  2853 | D:4      | HP: 2/68 [gnoll/+0 spear (4)]
  2854 | D:4      | Slain by a gnoll

Illustrated notes

Levels and vault maps discovered:
D:1:      erik_arrival_blinker_ship, layout_rooms,
          hellmonk_ecumenical_altar_blasted, minmay_misc_feat_square
D:2:      layout_rooms, basic_altar, uniq_jessica
D:3:      layout_basic, serial_undead, serial_undead_d, serial_undead_d,
          serial_undead_a, serial_undead_e, grunt_ministairs_15
D:4:      layout_basic, lemuel_coloured_pillars_altar,
          nicolae_figureground_pulse

Skill      XL: |  1  2  3  4  5  6 |
---------------+-------------------+-----
Maces & Flails | 3 4 5 |  5.7
Fighting       | 3 |  3.8
Dodging        | 3 |  3.6
Stealth        | |  1.3

Action                   |  1- 3 |  4- 6 |  7- 9 || total
-------------------------+-------+-------+-------++-------
Melee: Mace              |   144 |    31 |       ||   175
       Punch             |     1 |       |       ||     1
       Flail             |       |    60 |       ||    60
       Giant club        |       |    63 |     9 ||    72
 Stab: Sleeping          |     1 |       |       ||     1
Armor: Robe              |    61 |    59 |     3 ||   123
Dodge: Dodged            |   101 |   109 |    11 ||   221
